 Dungeon Crawl Stone Soup version 0.29-a0-577-gafbf2c5d25 (webtiles) character file.

Game seed: 2413621941144596391

6778 Pooter the Cleaver (level 10, -4/90 HPs)
             Began as a Minotaur Berserker on June 13, 2022.
             Was a Priest of Trog.
             Slain by a meliai
             ... wielding a +0 hand axe
              (13 damage)
             ... on level 9 of the Dungeon on June 14, 2022.
             The game lasted 01:06:30 (9340 turns).

Pooter the Cleaver (Minotaur Berserker)             Turns: 9340, Time: 01:06:31

Health: -4/90      AC: 18    Str: 26    XL:     10   Next: 76%
Magic:  9/9        EV:  5    Int:  4    God:    Trog [***...]
Gold:   1014       SH:  6    Dex: 10    Spells: 9/9 levels left

rFire   . . .      SeeInvis .   L - +1 war axe (drain)
rCold   . . .      Faith    .   p - +0 kite shield
rNeg    . . .      Spirit   .   e - +1 plate armour
rPois   .          Reflect  .   (helmet restricted)
rElec   .          Harm     .   U - +2 cloak {Will+}
rCorr   .          Rampage  .   T - +0 pair of gloves
Will    +....                   s - +0 pair of boots
Stlth   ..........              (no amulet)
HPRegen 0.25/turn               (no ring)
MPRegen 0.11/turn               (no ring)

@: no status effects
A: horns 2, retaliatory headbutt
a: Renounce Religion, Berserk, Trog's Hand


You were on level 9 of the Dungeon.
You worshipped Trog.
Trog was most pleased with you.
You visited 1 branch of the dungeon, and saw 9 of its levels.
You also visited: Ossuary and Bailey.

You collected 1284 gold pieces.
You spent 270 gold pieces at shops.

Inventory:

Hand Weapons
 a - the +6 flail of Luxury {venom, +Blink rN+ Dex-2}
   (You found it on level 5 of the Dungeon)

   It poisons the flesh of those it strikes.
   Dex:       It affects your dexterity (-2).
   rN:        It protects you from negative energy.
   +Blink:    It lets you blink.
 b - a +0 hunting sling
   (You took it off a goblin on level 2 of the Dungeon)
 x - a +0 trident of flaming
   (You took it off a gnoll sergeant on level 8 of the Dungeon)
 D - a +2 whip of holy wrath
   (You found it on level 4 of the Dungeon)
 K - a +0 dire flail of draining
   (You took it off Edmund on level 6 of the Dungeon)
 L - a +1 war axe of draining (weapon)
   (You took it off an orc warrior on level 6 of the Dungeon)
 R - a +0 broad axe
   (You took it off Maggie on level 7 of the Dungeon)
Missiles
 n - 3 throwing nets {!f}
 r - 16 boomerangs (quivered)
 z - 26 poisoned darts
 M - 20 curare-tipped darts
 N - 7 datura-tipped darts
 Q - 242 stones
Armour
 e - a +1 plate armour (worn)
   (You found it on level 2 of the Dungeon)
 p - a +0 kite shield (worn)
   (You took it off a gnoll sergeant on level 8 of the Dungeon)
 s - a +0 pair of boots (worn)
   (You found it on level 3 of the Dungeon)
 T - a +0 pair of gloves (worn)
   (You found it on level 8 of the Dungeon)
 U - a +2 cloak of willpower (worn)
   (You bought it in a shop on level 8 of the Dungeon)
Jewellery
 c - a +6 ring of intelligence
   (You found it on level 2 of the Dungeon)
Wands
 d - a wand of iceblast (6)
   (You found it on level 4 of the Dungeon)
 f - a wand of flame (12)
   (You found it on level 7 of the Dungeon)
 u - a wand of paralysis (6)
   (You found it on level 4 of the Dungeon)
 B - a wand of polymorph (14)
   (You took it off Sigmund on level 4 of the Dungeon)
 E - a wand of charming (10)
   (You found it on level 7 of the Dungeon)
 I - a wand of mindburst (26)
   (You found it on level 5 of the Dungeon)
Scrolls
 i - 3 scrolls of noise {!r}
 q - a scroll of magic mapping
 t - a scroll of teleportation {@r4}
 A - a scroll of fog
 F - 2 scrolls of immolation {!r}
Potions
 g - 2 potions of mutation {unknown}
 h - 2 potions of heal wounds {@q2}
 j - 2 potions of lignification {unknown}
 k - 5 potions of attraction {!q}
 l - 5 potions of curing {@q1}
 m - 5 potions of berserk rage {unknown}
 o - 4 potions of brilliance {unknown}
 y - 4 potions of flight {unknown}
 G - 2 potions of cancellation {unknown}
 J - 4 potions of might {unknown}
 P - 2 potions of invisibility {unknown}
Miscellaneous
 O - a lightning rod (4/4) {!a}
   (You found it in a bailey)


   Skills:
 + Level 8.5 Fighting
 * Level 11.3(12.1) Axes
 + Level 6.8(10.0) Maces & Flails
 + Level 6.2 Throwing
 - Level 4.4 Armour
 - Level 2.1 Dodging
 + Level 5.7 Stealth
 + Level 4.3 Evocations


You had 9 spell levels left.
You didn't know any spells.
Your spell library was empty.

Dungeon Overview and Level Annotations

Branches:
Dungeon (9/15)             Temple (0/1) D:4         Ossuary (visited)
 Bailey (visited)
   Lair: D:8-11         Orc: D:9-12

Altars:
Gozag
Ru
Vehumet

Shops:
D:8 ([(

Annotations:
D:4 1 runed translucent door, Crazy Yiuf


Innate Abilities, Weirdness & Mutations

You have a pair of horns on your head.
You reflexively headbutt those who attack you in melee.


Message History

You throw a datura-tipped dart. The datura-tipped dart hits the meliai!
The meliai flies into a frenzy!
The meliai closely misses the meliai.
The meliai misses the meliai.
A meliai comes into view. It is wielding a +0 hand axe.
The meliai hits the meliai with a +0 hand axe!!
The meliai barely misses the meliai.
The meliai stings the meliai!
The meliai dies!
Trog accepts your kill.
The meliai hits the meliai with a +0 hand axe!
The meliai stings the meliai but does no damage.
The meliai barely misses something.
The meliai stings something!
Trog accepts your kill.
You feel a bit more experienced.
The meliai buzzes angrily.
You hit the meliai. Your headbutt misses the meliai.
The meliai hits you with a +0 hand axe!!
The meliai closely misses you. You block the meliai's attack. x2
The meliai hits you with a +0 hand axe!
The meliai stings you but does no damage.
The meliai barely misses you. The meliai stings you.
You are poisoned.
The meliai poisons you!
You slash the meliai!
You feel very sick. The meliai hits you with a +0 hand axe!
* * * LOW HITPOINT WARNING * * *
You block the meliai's attack. The meliai hits you with a +0 hand axe!
* * * LOW HITPOINT WARNING * * *
The meliai stings you but does no damage.
The meliai hits you with a +0 hand axe!!
* * * LOW HITPOINT WARNING * * *
The meliai stings you but does no damage.
You feel better. You block the meliai's attack. x2
The meliai hits you but does no damage. The meliai stings you.
* * * LOW HITPOINT WARNING * * *
You are lethally poisoned!
The meliai poisons you! The meliai hits you but does no damage.
The meliai barely misses you.
You feel better. You block the meliai's attack. The meliai stings you!
* * * LOW HITPOINT WARNING * * *
You are lethally poisoned!
The meliai poisons you! You block the meliai's attack.
The meliai stings you but does no damage.
The meliai hits you but does no damage.
The meliai stings you but does no damage.
You feel better. The meliai barely misses you. x2
You block the meliai's attack. x2; The meliai hits you with a +0 hand axe!
* * * LOW HITPOINT WARNING * * *
The meliai stings you!
You die...

.#.#†# #...#** *,,)..,,,** ...#.#
#...# *,...,,,,**** .###.#####
#...# *.(#,#*,,*,,,
.........###...######..#.#*,,*,,,
##.##....................#*,,*,,,
...##..................#..,,,,,,>
#..##...................!.,,**,,,
#..#####.#.#...#y#####.###,***,,,
.........#.#...#@# *** *,* *,,,
....######.#...#.# *,* **** #...#
#.#...#.# *,* *,,, ....#
#.#...#.# *,***,**
....###**#.......# *,,,,,*
##......,.##...###****** *******
##..####*.*##...,,,,,,,*
....#****,,,,,,,,,***,,*
.##.#,,,,,,,*,,,,,,,,,,*


You could see a neutral meliai (fast, strong, insane).

Vanquished Creatures
  Pikel (D:4)
  Maggie (D:7)
  Grinder (D:4)
  Sigmund (D:4)
  A wyvern (D:8)
  A steam dragon (D:8)
  2 water moccasins
  Edmund (D:6)
  2 ice beasts
  7 orc warriors
  A sky beast (D:8)
  2 black bears
  2 ogres (D:4)
  A lemure (D:4)
  6 phantoms
  8 kobold brigands
  A bullfrog (D:7)
  3 necrophages
  A gnoll sergeant (D:8)
  4 scorpions
  3 wights (D:8)
  7 killer bees (D:9)
  2 gnoll shamans
  3 orc priests
  5 hounds
  3 iguanas
  Natasha (thrice) (D:4)
  15 orc wizards
  8 mummies (Ossuary)
  19 gnolls
  10 adders
  2 white imps
  2 ufetubi
  A worm zombie (D:8)
  2 worms
  3 dart slugs (D:3)
  30 orcs
  10 endoplasms
  3 giant cockroaches
  15 goblins
  8 hobgoblins
  9 jackals
  19 kobolds
  A quokka (D:3)
  11 ball pythons
  8 bats
  5 frilled lizards
  2 gnoll zombies (Ossuary)
  2 hobgoblin zombies (Ossuary)
  2 kobold zombies (Ossuary)
  2 orc zombies (Ossuary)
  9 rats
  A rat zombie (D:8)
272 creatures vanquished.

Vanquished Creatures (collateral kills)
  2 meliai (D:9)
2 creatures vanquished.

Vanquished Creatures (others)
  A kobold (D:4)
  A goblin (D:4)
2 creatures vanquished.

Grand Total: 276 creatures vanquished

Notes
Turn   | Place    | Note
-------+----------+-------------------------------------------
     0 | D:1      | Pooter the Minotaur Berserker began the quest for the Orb.
     0 | D:1      | Reached XP level 1. HP: 19/19 MP: 0/0
   191 | D:1      | Reached XP level 2. HP: 27/27 MP: 1/1
   210 | D:1      | Reached skill level 4 in Axes
   586 | D:1      | Reached ** piety under Trog
   635 | D:1      | Reached XP level 3. HP: 33/33 MP: 2/2
   801 | D:1      | Reached skill level 1 in Throwing
   977 | D:2      | Reached skill level 1 in Stealth
  1293 | D:2      | Noticed a black bear
  1305 | D:2      | Killed a black bear
  1306 | D:2      | Reached skill level 5 in Axes
  1306 | D:2      | Reached XP level 4. HP: 41/41 MP: 3/3
  1308 | D:2      | Reached XP level 5. HP: 47/47 MP: 4/4
  2086 | D:3      | Reached *** piety under Trog
  2304 | D:3      | Reached skill level 1 in Maces & Flails
  2312 | D:3      | Reached XP level 6. HP: 53/55 MP: 5/5
  2559 | D:4      | Noticed Natasha
  2565 | D:4      | Killed Natasha
  2586 | D:4      | Found a runed translucent door.
  2587 | D:4      | Noticed Crazy Yiuf
  2622 | D:4      | Found a staircase to the Ecumenical Temple.
  2808 | D:4      | Reached skill level 5 in Fighting
  2808 | D:4      | Reached skill level 6 in Axes
  3001 | D:4      | Reached XP level 7. HP: 20/61 MP: 6/6
  3081 | D:4      | Noticed Natasha
  3085 | D:4      | Noticed Pikel
  3095 | D:4      | Killed Pikel
  3096 | D:4      | Reached skill level 7 in Axes
  3096 | D:4      | Reached XP level 8. HP: 70/70 MP: 7/7
  3100 | D:4      | Killed Natasha
  3296 | D:4      | Noticed Sigmund
  3308 | D:4      | Killed Sigmund
  3858 | D:4      | Noticed Grinder
  3862 | D:4      | Killed Grinder
  3863 | D:4      | Reached skill level 8 in Axes
  3863 | D:4      | Reached skill level 1 in Evocations
  3885 | D:4      | Noticed Natasha
  3928 | D:4      | Killed Natasha
  4082 | D:5      | Entered Level 5 of the Dungeon
  4375 | D:5      | Reached XP level 9. HP: 78/78 MP: 8/8
  4492 | D:5      | Identified the +6 flail of Luxury {venom, +Blink rN+ Dex-2}
  4646 | D:5      | Reached skill level 9 in Axes
  4939 | D:6      | Noticed Edmund
  4948 | D:6      | Killed Edmund
  5083 | D:6      | Reached skill level 5 in Maces & Flails
  5545 | D:6      | Reached skill level 5 in Throwing
  5635 | D:6      | Found a radiant altar of Vehumet.
  5635 | D:6      | Found a sacrificial altar of Ru.
  5642 | D:6      | Found an opulent altar of Gozag.
  5644 | D:6      | Found a faded altar of an unknown god.
  5646 | D:6      | Found a faded altar of an unknown god.
  5786 | D:6      | Reached **** piety under Trog
  6002 | D:7      | Found a flagged portal.
  6017 | Bailey   | Entered a bailey
  6195 | Bailey   | Reached skill level 10 in Axes
  6222 | Bailey   | Found a bloodstained altar of Trog.
  6224 | Bailey   | Reached skill level 5 in Stealth
  6224 | Bailey   | Reached XP level 10. HP: 88/88 MP: 9/9
  6973 | D:7      | Noticed Maggie
  6985 | D:7      | Killed Maggie
  7247 | D:8      | Found a sand-covered staircase.
  7300 | Ossuary  | Entered an ossuary
  8396 | D:8      | Reached skill level 11 in Axes
  8579 | D:8      | Found Xoenef's Antique Armour Shoppe.
  8584 | D:8      | Found Guttof's Weapon Shoppe.
  8594 | D:8      | Bought 5 poisoned darts for 30 gold pieces
  8594 | D:8      | Bought 4 boomerangs for 30 gold pieces
  8601 | D:8      | Bought an embroidered cloak for 210 gold pieces
  8926 | D:8      | Found Ulocips's Antique Weapon Boutique.
  9337 | D:9      | HP: 4/90 [meliai/+0 hand axe (21)]
  9340 | D:9      | Slain by a meliai

Illustrated notes

Levels and vault maps discovered:
D:1:      minmay_arrival_shattered_statue, layout_basic
D:2:      layout_rooms, minmay_divided_ellipse
D:3:      layout_basic, serial_rivers, chequers_serial_rivers_room_b,
          chequers_serial_rivers_micro_c, chequers_serial_rivers_small_a,
          chequers_serial_rivers_small_a, minmay_randomly_rotated_circles
D:4:      minmay_recursive_quarters, layout_basic,
          minmay_temple_entry_mini_moons, uniq_natasha, uniq_grinder,
          uniq_pikel, uniq_crazy_yiuf_cottage, uniq_sigmund
D:5:      layout_basic
D:6:      layout_basic, chequers_temple_overflow_minitemple,
          minmay_misc_feat_enclosed, columned_hall_lemuel, uniq_edmund
D:7:      layout_loops_corners, enter_bailey_3, uniq_maggie
D:8:      layout_loops_ring, serial_shops,
          nicolae_shop_temple_entry_statues_fountains, nicolae_lakefront_shop,
          kennysheep_little_box, enter_ossuary_3
D:9:      layout_loops_cross, uniq_psyche

Skill      XL: |  1  2  3  4  5  6  7  8  9 10 |
---------------+-------------------------------+-----
Axes           | 4 5 6 7 8 10 11 | 11.3
Fighting       | 4 5 6 7 8 |  8.5
Throwing       | 1 2 3 4 5 6 |  6.2
Stealth        | 1 2 3 4 5 |  5.7
Maces & Flails | 1 3 4 5 6 |  6.8
Armour         | 3 4 |  4.4
Evocations     | 1 3 4 |  4.3
Dodging        | |  2.1

Action                   |  1- 3 |  4- 6 |  7- 9 | 10-12 || total
-------------------------+-------+-------+-------+-------++-------
Melee: Hand axe          |    79 |    30 |       |       ||   109
       Headbutt          |    13 |    16 |    26 |    30 ||    85
       Punch             |     1 |     2 |     4 |     1 ||     8
       Flail             |       |    95 |    37 |    76 ||   208
       Whip              |       |       |    85 |       ||    85
       Dire flail        |       |       |    59 |       ||    59
       War axe           |       |       |    52 |   124 ||   176
 Fire: Hunting sling     |       |    47 |    20 |    14 ||    81
Throw: Stone             |    42 |     4 |       |       ||    46
       Boomerang         |       |     8 |     3 |    31 ||    42
       Dart              |       |       |    16 |     1 ||    17
Invok: Berserk           |     2 |     2 |     9 |     4 ||    17
       Trog's Hand       |     1 |     4 |     8 |     9 ||    22
Evoke: Wand              |       |       |     7 |     5 ||    12
  Use: Scroll            |       |     6 |     7 |    10 ||    23
       Potion            |       |       |     2 |     4 ||     6
 Stab: Paralysed         |       |       |     4 |     1 ||     5
Armor: Animal skin       |     3 |       |       |       ||     3
       Chain mail        |    25 |     3 |       |       ||    28
       Plate armour      |       |   101 |   140 |   110 ||   351
Dodge: Dodged            |    46 |    67 |    70 |    46 ||   229
Block: Kite shield       |       |       |       |    37 ||    37

Table legend: (Time is in decaauts)
 A = Elapsed time spent in this place.
 B = Non-inter-level travel time spent in this place.
 C = Inter-level travel time spent in this place.
 D = Time resting spent in this place.
 E = Time spent auto-exploring this place.
 F = Levels seen in this place.
 G = Mean time per level.
                   A        B        C        D        E       F      G
               +--------+--------+--------+--------+--------+-----+--------+
         Total |   9539 |   9354 |    185 |   1650 |   5437 |  11 |  867.2 |
       Dungeon |   8889 |   8704 |    185 |   1523 |   5209 |   9 |  987.7 |
       Ossuary |    345 |    345 |      0 |      0 |    228 |   1 |  345.0 |
        Bailey |    305 |    305 |      0 |    127 |      0 |   1 |  305.0 |
               +--------+--------+--------+--------+--------+-----+--------+

Top non-repeatable levels by time:
     D:4: 1630 daAuts
     D:8: 1446 daAuts
     D:7: 1029 daAuts
     D:2: 997 daAuts
     D:6: 991 daAuts
     D:1: 875 daAuts
     D:5: 828 daAuts
     D:3: 735 daAuts
     D:9: 355 daAuts
 Ossuary: 345 daAuts
  Bailey: 305 daAuts
